[Event "RUS-ch Blitz Women 2018"]
[Site "Sochi"]
[Date "2018.10.07"]
[Round "15"]
[White "Maltsevskaya, Aleksandra"]
[Black "Nebolsina, Vera"]
[Result "1-0"]
[ECO "C42"]
[WhiteElo "2290"]
[BlackElo "2220"]
[Annotator "NA"]
[PlyCount "97"]
[EventDate "2018.10.07"]
[EventType "swiss"]
[EventCountry "RUS"]
[SourceTitle "playchess.com"]
[Source "ChessBase"]
[SourceQuality "1"]
[TimeControl "180+2"]

1. e4 e5 2. Nf3 Nf6 3. Nxe5 d6 4. Nf3 Nxe4 5. Nc3 Nf6 6. g3 Be7 7. Bg2 O-O 8. O-O c6 9. d4 Re8 10. Re1 Nbd7 11. Ne2 Nf8 12. c3 Ng6 13. Nf4 Nxf4 14. Bxf4 Bf5 15. Nh4 Be6 16. Nf3 Qd7 17. a4 Bh3 18. Bh1 Nd5 19. Bd2 Bg4 20. a5 a6 21. Qb3 Bf8 22. c4 Nf6 23. Qd3 Bf5 24. Qb3 Be4 25. Re3 Ng4 26. Ree1 g6 27. Re2 Bg7 28. Rae1 d5 29. c5 Rab8 30. Bc3 h5 31. h3 Nh6 32. Kh2 Nf5 33. Qd1 Kh8 34. Ne5 Bxe5 35. Bxe4 Bg7 36. Bxf5 gxf5 37. Rxe8+ Rxe8 38. Qxh5+ Kg8 39. Rxe8+ Qxe8 40. Qxf5 Qe2 41. h4 Qd1 42. Qf4 Kf8 43. Kg2 Kg8 44. Qf3 Qc2 45. h5 Kh7 46. Qxf7 Qe4+ 47. Qf3 Qe8 48. Qf5+ Kh8 49. g4 1-0

[Event "RUS-ch Blitz Women 2018"]
[Site "Sochi"]
[Date "2018.10.07"]
[Round "15"]
[White "Vinokur, Yuliya"]
[Black "Charochkina, Daria"]
[Result "1/2-1/2"]
[ECO "A81"]
[WhiteElo "2170"]
[BlackElo "2344"]
[Annotator "NA"]
[PlyCount "98"]
[EventDate "2018.10.07"]
[EventType "swiss"]
[EventCountry "RUS"]
[SourceTitle "playchess.com"]
[Source "ChessBase"]
[SourceQuality "1"]
[TimeControl "180+2"]

1. d4 f5 2. g3 Nf6 3. Bg2 e6 4. c4 d5 5. Nh3 c6 6. O-O Bd6 7. Bf4 Be7 8. Nd2 O-O 9. b3 h6 10. Be5 Ng4 11. Nf4 Nxe5 12. dxe5 Qe8 13. Rc1 Na6 14. Nf3 g5 15. Nd3 Bd7 16. cxd5 exd5 17. Nd4 Nc7 18. f4 Ne6 19. Nxe6 Bxe6 20. Qd2 b6 21. Nb4 Bc5+ 22. Kh1 a5 23. Nd3 Be7 24. b4 a4 25. a3 Rc8 26. Qe3 Bd8 27. Rc2 Kh8 28. Rfc1 Qd7 29. Nb2 b5 30. Qd4 gxf4 31. gxf4 Rg8 32. Nd3 Qg7 33. Bf3 Qd7 34. Nc5 Qe7 35. Nxe6 Qxe6 36. Bxd5 Qd7 37. e6+ Qg7 38. Qxg7+ Rxg7 39. Rxc6 Rxc6 40. Rxc6 Kh7 41. Rd6 Bc7 42. Rd7 Rxd7 43. exd7 Kg7 44. Bc6 Kf6 45. Bxb5 Ke7 46. e3 Bb6 47. Kg2 Bxe3 48. Kf3 Bc1 49. Bxa4 Bxa3 1/2-1/2

[Event "RUS-ch Blitz Women 2018"]
[Site "Sochi"]
[Date "2018.10.07"]
[Round "15"]
[White "Vasilevich, Irina"]
[Black "Goltseva, Ekaterina"]
[Result "1-0"]
[ECO "A01"]
[WhiteElo "2160"]
[BlackElo "2169"]
[Annotator "NA"]
[PlyCount "93"]
[EventDate "2018.10.07"]
[EventType "swiss"]
[EventCountry "RUS"]
[SourceTitle "playchess.com"]
[Source "ChessBase"]
[SourceQuality "1"]
[TimeControl "180+2"]

1. b3 Nf6 2. Bb2 d5 3. e3 c5 4. Be2 Nc6 5. d3 g6 6. Nd2 Bg7 7. a3 b6 8. c4 O-O 9. cxd5 Nxd5 10. Bxg7 Kxg7 11. Qc2 Bb7 12. h4 e6 13. h5 f5 14. Ngf3 Qf6 15. Rc1 Rad8 16. Nc4 e5 17. Qb2 Rfe8 18. h6+ Kg8 19. O-O e4 20. dxe4 fxe4 21. Qxf6 Nxf6 22. Ng5 Ne5 23. Rcd1 Nd3 24. Rd2 b5 25. Na5 Ba6 26. Nxe4 Nxe4 27. Rxd3 Rxd3 28. Bxd3 Nd6 29. Bc2 c4 30. bxc4 bxc4 31. Rd1 Nb5 32. Ba4 Re5 33. Nxc4 Re4 34. Bxb5 Bxb5 35. Nd6 Re5 36. Nxb5 Rxb5 37. Rd8+ Kf7 38. Rd7+ Kf6 39. Rxa7 Rb3 40. a4 Ra3 41. a5 Kg5 42. a6 Kxh6 43. Ra8 Kg7 44. a7 Ra4 45. f3 h5 46. e4 Ra2 47. Kh2 1-0

[Event "RUS-ch Blitz Women 2018"]
[Site "Sochi"]
[Date "2018.10.07"]
[Round "15"]
[White "Sukhareva, Evgeniya"]
[Black "Potapova, Margarita"]
[Result "0-1"]
[ECO "A58"]
[WhiteElo "2125"]
[BlackElo "2099"]
[Annotator "NA"]
[PlyCount "140"]
[EventDate "2018.10.07"]
[EventType "swiss"]
[EventCountry "RUS"]
[SourceTitle "playchess.com"]
[Source "ChessBase"]
[SourceQuality "1"]
[TimeControl "180+2"]

1. d4 Nf6 2. c4 c5 3. d5 b5 4. cxb5 a6 5. bxa6 g6 6. Nc3 Bg7 7. e4 Qa5 8. Bd2 Bxa6 9. Bxa6 Qxa6 10. Nge2 d6 11. O-O O-O 12. Qc2 Nbd7 13. a4 Rfb8 14. Ra3 Qb6 15. Nb5 Ne8 16. Nec3 Ne5 17. Bg5 f6 18. Bf4 Nc4 19. Raa1 Ne5 20. Be3 Nc4 21. Bf4 Ne5 22. h3 Nc7 23. Qe2 Na6 24. Rad1 Nb4 25. Bc1 c4 26. Be3 Qd8 27. Nd4 Qe8 28. Ne6 Nbd3 29. Nc7 Rxb2 30. Nxe8 Rxe2 31. Nxe2 Rxe8 32. a5 Ra8 33. Ra1 f5 34. exf5 gxf5 35. a6 Nd7 36. Ra5 N7c5 37. a7 c3 38. Bd4 c2 39. Bxg7 Kxg7 40. Ra2 Nb4 41. Ra5 Nxd5 42. Ra2 Nb4 43. Ra5 Nc6 44. Raa1 Nb3 45. Ra6 Nxa7 46. Nc1 Nc5 47. Ra2 Ne4 48. f3 Nc3 49. Rxc2 Nab5 50. Nd3 Nd4 51. Rd2 Ncb5 52. Nf4 Kf7 53. Kh2 e5 54. Nd3 Nc3 55. Rc1 Nd5 56. Nf2 Ke6 57. Rb1 Ra7 58. Rb8 Ne3 59. Nd3 Nf1+ 60. Kg1 Nxd2 61. Re8+ Kf7 62. Rh8 Kg7 63. Rd8 Ra1+ 64. Kh2 Nf1+ 65. Kg1 Ne3+ 66. Kh2 Ra2 67. Rd7+ Kg8 68. Rd8+ Kf7 69. Rxd6 Rxg2+ 70. Kh1 Nxf3 0-1

[Event "RUS-ch Blitz Women 2018"]
[Site "Sochi"]
[Date "2018.10.07"]
[Round "16"]
[White "Kashlinskaya, Alina"]
[Black "Vasilevich, Tatjana"]
[Result "1/2-1/2"]
[ECO "E47"]
[WhiteElo "2447"]
[BlackElo "2360"]
[Annotator "NA"]
[PlyCount "111"]
[EventDate "2018.10.07"]
[EventType "swiss"]
[EventCountry "RUS"]
[SourceTitle "playchess.com"]
[Source "ChessBase"]
[SourceQuality "1"]
[TimeControl "180+2"]

1. d4 Nf6 2. c4 e6 3. Nc3 Bb4 4. e3 O-O 5. Bd3 c5 6. Nf3 d5 7. O-O Bxc3 8. bxc3 b6 9. cxd5 exd5 10. Ne5 Qc7 11. f4 Nbd7 12. Bd2 Bb7 13. Be1 Ne4 14. Rc1 f6 15. Nxd7 Qxd7 16. Bxe4 dxe4 17. c4 cxd4 18. exd4 Rfd8 19. d5 b5 20. Ba5 Rdc8 21. cxb5 Qxb5 22. Qb3 Qxb3 23. axb3 Bxd5 24. b4 Bc4 25. Rfe1 Bd3 26. Kf2 Kf7 27. Ke3 Ke6 28. Rc5 Rxc5 29. bxc5 Kd5 30. Rc1 Rc8 31. Bb4 Rb8 32. Bc3 Rb5 33. Bd4 Kc6 34. Ra1 a5 35. Bc3 Rxc5 36. Bxa5 Rc2 37. Bd2 Kb7 38. Rb1+ Kc7 39. Rc1 Rxc1 40. Bxc1 Kd6 41. Ba3+ Ke6 42. Bf8 g6 43. g4 h5 44. h3 h4 45. Bb4 g5 46. fxg5 fxg5 47. Kf2 Kf6 48. Bc3+ Kg6 49. Bd2 Bb5 50. Ke3 Bc6 51. Kf2 Bb7 52. Bc1 Ba6 53. Bd2 Bd3 54. Bc1 Kf6 55. Bb2+ Kg6 56. Bc1 1/2-1/2

[Event "RUS-ch Blitz Women 2018"]
[Site "Sochi"]
[Date "2018.10.07"]
[Round "16"]
[White "Shuvalova, Polina"]
[Black "Shaydullina, Sandugach"]
[Result "1-0"]
[ECO "B31"]
[WhiteElo "2421"]
[BlackElo "2033"]
[Annotator "RC"]
[PlyCount "61"]
[EventDate "2018.10.07"]
[EventType "swiss"]
[EventCountry "RUS"]
[SourceTitle "playchess.com"]
[Source "ChessBase"]
[SourceQuality "1"]
[TimeControl "180+2"]

1. e4 c5 2. Nf3 Nc6 3. Bb5 g6 4. Bxc6 dxc6 5. d3 Bg7 6. h3 e5 7. Nc3 Nh6 8. Be3 b6 9. Qd2 Ng8 10. O-O Ne7 11. a4 a5 12. Nh2 h5 13. Rae1 Ba6 14. b3 f6 15. Ne2 g5 16. h4 g4 17. f4 Ng6 18. fxe5 Nxe5 19. Ng3 Bc8 20. Nf5 Bxf5 21. Rxf5 Qe7 22. Nf1 Ng6 23. Qf2 O-O-O 24. Nd2 Ne5 25. Nc4 Nxc4 26. bxc4 Kb7 27. Rb1 Ka6 28. Rxb6+ Ka7 29. Bxc5 Qd7 30. Be3 Rb8 31. Rxa5# 1-0

[Event "RUS-ch Blitz Women 2018"]
[Site "Sochi"]
[Date "2018.10.07"]
[Round "16"]
[White "Bivol, Alina"]
[Black "Guseva, Marina"]
[Result "1-0"]
[ECO "A06"]
[WhiteElo "2403"]
[BlackElo "2292"]
[Annotator "NA"]
[PlyCount "89"]
[EventDate "2018.10.07"]
[EventType "swiss"]
[EventCountry "RUS"]
[SourceTitle "playchess.com"]
[Source "ChessBase"]
[SourceQuality "1"]
[TimeControl "180+2"]

1. Nf3 d5 2. g3 Bg4 3. Bg2 Nd7 4. O-O Ngf6 5. d3 c6 6. h3 Bh5 7. Qe1 e5 8. e4 dxe4 9. dxe4 Bxf3 10. Bxf3 Bc5 11. Bg2 O-O 12. Kh2 Re8 13. a4 Qc7 14. b4 Bf8 15. Na3 a5 16. b5 Nc5 17. Bg5 Nfd7 18. Nc4 cxb5 19. axb5 b6 20. Ne3 Ne6 21. Nd5 Qc4 22. Be3 Bc5 23. Bxc5 Qxc5 24. Qe3 Qxe3 25. Nxe3 Rec8 26. Rfd1 Nd4 27. c4 Kf8 28. f4 f6 29. fxe5 fxe5 30. Rf1+ Kg8 31. h4 Re8 32. Nd5 Rab8 33. Rf2 Nc5 34. g4 Nce6 35. g5 Red8 36. Bh3 Nc5 37. Ne7+ Kh8 38. Bg2 Re8 39. Nd5 Kg8 40. Raf1 a4 41. h5 a3 42. h6 gxh6 43. gxh6 Kh8 44. Rf7 a2 45. Nf6 1-0

[Event "RUS-ch Blitz Women 2018"]
[Site "Sochi"]
[Date "2018.10.07"]
[Round "16"]
[White "Charochkina, Daria"]
[Black "Vinokur, Yuliya"]
[Result "1-0"]
[ECO "D34"]
[WhiteElo "2344"]
[BlackElo "2170"]
[Annotator "NA"]
[PlyCount "53"]
[EventDate "2018.10.07"]
[EventType "swiss"]
[EventCountry "RUS"]
[SourceTitle "playchess.com"]
[Source "ChessBase"]
[SourceQuality "1"]
[TimeControl "180+2"]

1. d4 d5 2. c4 e6 3. Nc3 c5 4. cxd5 exd5 5. Nf3 Nc6 6. g3 Nf6 7. Bg2 Be7 8. O-O O-O 9. Bg5 c4 10. Rc1 h6 11. Bf4 Be6 12. Re1 Qa5 13. a3 b5 14. Ne5 Qb6 15. Nxc6 Qxc6 16. Be5 Ne4 17. Bxe4 dxe4 18. d5 Qc5 19. Bd4 Qd6 20. dxe6 Qxe6 21. Nxb5 Rad8 22. e3 Qh3 23. Nc3 Bf6 24. Qe2 Bxd4 25. exd4 Rxd4 26. Nxe4 Rfd8 27. Rcd1 1-0

[Event "RUS-ch Blitz Women 2018"]
[Site "Sochi"]
[Date "2018.10.07"]
[Round "16"]
[White "Dordzhieva, Dinara"]
[Black "Ambartsumova, Karina"]
[Result "0-1"]
[ECO "E62"]
[WhiteElo "2340"]
[BlackElo "2379"]
[Annotator "NA"]
[PlyCount "88"]
[EventDate "2018.10.07"]
[EventType "swiss"]
[EventCountry "RUS"]
[SourceTitle "playchess.com"]
[Source "ChessBase"]
[SourceQuality "1"]
[TimeControl "180+2"]

1. Nf3 Nf6 2. c4 g6 3. g3 Bg7 4. Bg2 O-O 5. O-O d6 6. d4 Nc6 7. Nc3 Bf5 8. d5 Na5 9. Nd4 Bd7 10. b3 c5 11. Nc2 a6 12. Qd3 Rb8 13. Rb1 b5 14. Bd2 b4 15. Nd1 e6 16. e4 exd5 17. Nde3 d4 18. Nd1 Nc6 19. f4 Re8 20. Nf2 a5 21. Rbe1 Qc7 22. h3 Ra8 23. g4 a4 24. g5 Nh5 25. Ng4 axb3 26. axb3 Ra2 27. Nh6+ Bxh6 28. gxh6 Qd8 29. e5 dxe5 30. f5 e4 31. Rxe4 Ne5 32. Rxe5 Rxe5 33. fxg6 fxg6 34. Ne1 Re8 35. Bd5+ Be6 36. Bg2 Ra7 37. Nf3 Rf7 38. Bg5 Qc7 39. Re1 Bd7 40. Ra1 Bf5 41. Qd2 Ng3 42. Nh4 Ne4 43. Bxe4 Bxe4 44. Qf2 Rxf2 0-1

[Event "RUS-ch Blitz Women 2018"]
[Site "Sochi"]
[Date "2018.10.07"]
[Round "16"]
[White "Potapova, Margarita"]
[Black "Sukhareva, Evgeniya"]
[Result "1-0"]
[ECO "A64"]
[WhiteElo "2284"]
[BlackElo "2125"]
[Annotator "NA"]
[PlyCount "106"]
[EventDate "2018.10.07"]
[EventType "swiss"]
[EventCountry "RUS"]
[SourceTitle "playchess.com"]
[Source "ChessBase"]
[SourceQuality "1"]
[TimeControl "180+2"]

1. d4 Nf6 2. c4 e6 3. Nf3 c5 4. d5 exd5 5. cxd5 d6 6. Nc3 a6 7. a4 g6 8. g3 Bg7 9. Bg2 O-O 10. O-O Re8 11. Nd2 Nbd7 12. h3 Qe7 13. Nc4 Rb8 14. a5 b5 15. axb6 Nxb6 16. Na5 Bd7 17. Nc6 Bxc6 18. dxc6 d5 19. Rxa6 d4 20. Nb5 Nfd5 21. Ra7 Qe6 22. Bf4 Be5 23. Bxe5 Qxe5 24. h4 Rbc8 25. Bh3 f5 26. Qc1 Rxc6 27. Bg2 Rcc8 28. h5 f4 29. hxg6 hxg6 30. Qb1 Qf6 31. Bh3 Rcd8 32. Qd3 Qg5 33. Bg2 Re7 34. Ra6 fxg3 35. Qxg3 Qxg3 36. fxg3 Kg7 37. Bf3 Re3 38. Rc1 Rb3 39. Rxc5 Rxb2 40. Nxd4 Rb1+ 41. Kf2 Rb2 42. Ra7+ Kh6 43. Ne6 Rd6 44. Nf8 Rf6 45. Rh7+ Kg5 46. Nd7 Rf5 47. g4 Nxd7 48. Rxd7 Rxf3+ 49. Kxf3 Rb3+ 50. Kf2 Kxg4 51. Rdxd5 Rb2 52. Rg5+ Kf4 53. Rxg6 Ke4 1-0

[Event "RUS-ch Blitz Women 2018"]
[Site "Sochi"]
[Date "2018.10.07"]
[Round "16"]
[White "Maletina, Tatiana"]
[Black "Belenkaya, Dina"]
[Result "1-0"]
[ECO "D20"]
[WhiteElo "2270"]
[BlackElo "2329"]
[Annotator "NA"]
[PlyCount "133"]
[EventDate "2018.10.07"]
[EventType "swiss"]
[EventCountry "RUS"]
[SourceTitle "playchess.com"]
[Source "ChessBase"]
[SourceQuality "1"]
[TimeControl "180+2"]

1. d4 d5 2. c4 dxc4 3. e4 Nf6 4. e5 Nd5 5. Bxc4 Bf5 6. Ne2 e6 7. O-O Nb6 8. Bd3 Bxd3 9. Qxd3 Nc6 10. Rd1 Be7 11. Nbc3 Qd7 12. Be3 O-O-O 13. Qb5 Nb4 14. Qxd7+ Rxd7 15. Rac1 N4d5 16. Ne4 c6 17. b3 Nxe3 18. fxe3 Nd5 19. Kf2 Kc7 20. N2c3 Ba3 21. Nb5+ Kb8 22. Nxa3 Rf8 23. Nc4 Kc7 24. Ke2 h6 25. a3 b6 26. b4 Kb8 27. Nb2 f5 28. exf6 gxf6 29. Rxc6 f5 30. Nf2 Rg8 31. g3 h5 32. Nbd3 h4 33. gxh4 Rh8 34. Ne5 Rg7 35. Rdc1 Rxh4 36. Rxe6 Rxh2 37. Nf3 Rhg2 38. Re5 Nf6 39. Nh4 Rh2 40. Nxf5 Rgg2 41. Rf1 Ng4 42. Re8+ Kc7 43. Re7+ Kd8 44. Rxa7 Nxf2 45. Kf3 Nd3 46. Ke4 Nf2+ 47. Kd5 Rh5 48. e4 Ng4 49. e5 Re2 50. Nd6 Ne3+ 51. Kc6 Rc2+ 52. Kxb6 Nd5+ 53. Ka5 Nc7 54. b5 Rc3 55. a4 Rh7 56. Rf8+ Kd7 57. Rf7+ Rxf7 58. Nxf7 Ke6 59. Nd8+ Kd7 60. Nc6 Ke6 61. Rxc7 Kd5 62. Rd7+ Ke6 63. Rd6+ Kf7 64. e6+ Kf6 65. e7+ Kf7 66. Rd8 Kg7 67. e8=Q 1-0

[Event "RUS-ch Blitz Women 2018"]
[Site "Sochi"]
[Date "2018.10.07"]
[Round "16"]
[White "Nebolsina, Vera"]
[Black "Maltsevskaya, Aleksandra"]
[Result "0-1"]
[ECO "B24"]
[WhiteElo "2220"]
[BlackElo "2290"]
[Annotator "NA"]
[PlyCount "94"]
[EventDate "2018.10.07"]
[EventType "swiss"]
[EventCountry "RUS"]
[SourceTitle "playchess.com"]
[Source "ChessBase"]
[SourceQuality "1"]
[TimeControl "180+2"]

1. e4 c5 2. Nc3 Nc6 3. Bb5 Nd4 4. Nf3 g6 5. Bc4 Bg7 6. Nxd4 cxd4 7. Qf3 e6 8. Nb5 d6 9. Qa3 Bf8 10. Nxd4 Nf6 11. Bb5+ Bd7 12. Bxd7+ Qxd7 13. Qf3 Bg7 14. O-O O-O 15. Ne2 Qc6 16. Nc3 b5 17. a3 a5 18. e5 Qxf3 19. gxf3 dxe5 20. Nxb5 Rac8 21. c3 Nd5 22. b4 axb4 23. axb4 f5 24. Re1 e4 25. fxe4 Nxb4 26. Ra7 Nd3 27. Rf1 fxe4 28. Nd6 Rc5 29. Nxe4 Re5 30. Ng3 h5 31. Ba3 Rd8 32. Be7 Re8 33. h4 Rb5 34. Bg5 Ne5 35. f4 Nc4 36. d4 Rb3 37. Ne4 Ne3 38. Rf3 Nd5 39. Kg2 Rb2+ 40. Kg3 Rc2 41. Ra6 Rb8 42. Rxe6 Rbb2 43. Rf2 Rxf2 44. Nxf2 Nxc3 45. Rd6 Ne2+ 46. Kf3 Nxd4+ 47. Kg3 Nf5+ 0-1

[Event "RUS-ch Blitz Women 2018"]
[Site "Sochi"]
[Date "2018.10.07"]
[Round "16"]
[White "Goltseva, Ekaterina"]
[Black "Vasilevich, Irina"]
[Result "1-0"]
[ECO "E00"]
[WhiteElo "2169"]
[BlackElo "2258"]
[Annotator "NA"]
[PlyCount "91"]
[EventDate "2018.10.07"]
[EventType "swiss"]
[EventCountry "RUS"]
[SourceTitle "playchess.com"]
[Source "ChessBase"]
[SourceQuality "1"]
[TimeControl "180+2"]

1. d4 e6 2. c4 Bb4+ 3. Nd2 f5 4. g3 Nf6 5. Bg2 O-O 6. Ngf3 a5 7. O-O Be7 8. Qc2 Nc6 9. b3 d6 10. Bb2 a4 11. e4 fxe4 12. Nxe4 Nxe4 13. Qxe4 Bf6 14. Qe2 Qe8 15. Rfe1 Bd7 16. Qd2 Qf7 17. b4 a3 18. Bc3 Ne7 19. Rad1 Bc6 20. Qe2 Bd7 21. Nd2 Rae8 22. Ne4 Bc6 23. b5 Bxe4 24. Bxe4 d5 25. Bd3 dxc4 26. Bxc4 Nd5 27. Ba1 c6 28. f4 Qc7 29. Rc1 Qb6 30. Qd3 cxb5 31. Bxb5 Rc8 32. Bd7 Rxc1 33. Rxc1 Rd8 34. Bb5 Ne7 35. Rd1 Nf5 36. Bc4 Bxd4+ 37. Bxd4 Nxd4 38. Kf1 Kh8 39. Qe4 Nf5 40. Rxd8+ Qxd8 41. Qxe6 Qd1+ 42. Kf2 Qd2+ 43. Kg1 Qd4+ 44. Kg2 Ne3+ 45. Kh3 g6 46. Qg8# 1-0

[Event "RUS-ch Blitz Women 2018"]
[Site "Sochi"]
[Date "2018.10.07"]
[Round "16"]
[White "Ivanova, Karina"]
[Black "Tomilova, Elena"]
[Result "0-1"]
[ECO "A06"]
[WhiteElo "2124"]
[BlackElo "2328"]
[Annotator "NA"]
[PlyCount "90"]
[EventDate "2018.10.07"]
[EventType "swiss"]
[EventCountry "RUS"]
[SourceTitle "playchess.com"]
[Source "ChessBase"]
[SourceQuality "1"]
[TimeControl "180+2"]

1. Nf3 d5 2. g3 c6 3. Bg2 Bg4 4. O-O Nd7 5. h3 Bh5 6. d4 e6 7. c4 Ngf6 8. Nc3 Be7 9. Qb3 Qb6 10. Qxb6 axb6 11. Nd2 O-O 12. e4 dxe4 13. Ndxe4 Nxe4 14. Nxe4 Be2 15. Re1 Bxc4 16. a3 Bd5 17. Bf4 h6 18. Bd6 Bxd6 19. Nxd6 Bxg2 20. Kxg2 Rab8 21. b4 Rfd8 22. Red1 Nf6 23. Nc4 b5 24. Ne3 Ra8 25. Nc2 Nd5 26. Rd3 f6 27. f4 Kf7 28. Kf3 Nb6 29. Ne3 g5 30. Rc1 Ra7 31. f5 e5 32. Nc2 Nc4 33. g4 b6 34. Ke4 Rad7 35. Ne3 Rxd4+ 36. Rxd4 Rxd4+ 37. Kf3 Rf4+ 38. Ke2 Re4 39. Rc3 Ke7 40. Kf3 Rxe3+ 41. Rxe3 Nxe3 42. Kxe3 Kd6 43. Kd2 Kd5 44. Kd3 e4+ 45. Ke3 Ke5 {[%emt 0:00:01] Kd4+} 0-1

[Event "RUS-ch Blitz Women 2018"]
[Site "Sochi"]
[Date "2018.10.07"]
[Round "16"]
[White "Vifleemskaia, Svetlana"]
[Black "Gritsayeva, Oksana"]
[Result "0-1"]
[ECO "A61"]
[WhiteElo "2030"]
[BlackElo "2378"]
[Annotator "NA"]
[PlyCount "78"]
[EventDate "2018.10.07"]
[EventType "swiss"]
[EventCountry "RUS"]
[SourceTitle "playchess.com"]
[Source "ChessBase"]
[SourceQuality "1"]
[TimeControl "180+2"]

1. d4 Nf6 2. c4 e6 3. Nc3 c5 4. d5 exd5 5. cxd5 d6 6. Nf3 g6 7. Nd2 Nbd7 8. Nc4 Nb6 9. e4 Bg7 10. Bf4 Nxc4 11. Bxc4 O-O 12. O-O a6 13. a4 Nh5 14. Be3 Bd7 15. Be2 Nf6 16. h3 Re8 17. Qc2 Rb8 18. a5 Bc8 19. f4 b5 20. axb6 Qxb6 21. Na4 Qb4 22. e5 Nxd5 23. Bd2 Qd4+ 24. Kh1 Bf5 25. Qc1 dxe5 26. fxe5 Rxe5 27. Bf3 Rc8 28. Nc3 Nb4 29. Bf4 Re6 30. Rd1 Nd3 31. Qd2 Qxf4 32. Qxf4 Nxf4 33. Bb7 Rce8 34. Bxa6 h5 35. Bc4 Rb6 36. Ra2 Be6 37. Bxe6 Nxe6 38. Nd5 Rb3 39. Rd2 Reb8 0-1

[Event "RUS-ch Blitz Women 2018"]
[Site "Sochi"]
[Date "2018.10.07"]
[Round "17"]
[White "Bivol, Alina"]
[Black "Ambartsumova, Karina"]
[Result "1/2-1/2"]
[ECO "A05"]
[WhiteElo "2403"]
[BlackElo "2379"]
[Annotator "NA"]
[PlyCount "58"]
[EventDate "2018.10.07"]
[EventType "swiss"]
[EventCountry "RUS"]
[SourceTitle "playchess.com"]
[Source "ChessBase"]
[SourceQuality "1"]
[TimeControl "180+2"]

1. Nf3 Nf6 2. g3 g6 3. Bg2 Bg7 4. O-O O-O 5. d4 d6 6. Nc3 d5 7. Ne5 c6 8. h3 Nbd7 9. Nxd7 Nxd7 10. e4 $11 dxe4 11. Nxe4 Nf6 12. Nxf6+ Bxf6 13. c3 e5 14. dxe5 Qxd1 15. Rxd1 Bxe5 16. Be3 Be6 17. f4 Bc7 18. Kf2 Rfd8 19. a3 Bb3 20. Rxd8+ Rxd8 21. Bf3 a6 22. Bd4 Re8 23. Be3 f6 24. Re1 Kf7 25. Re2 Bc4 26. Re1 Bb3 27. Re2 Bc4 28. Re1 Bb3 29. Re2 Bc4 1/2-1/2

[Event "RUS-ch Blitz Women 2018"]
[Site "Sochi"]
[Date "2018.10.07"]
[Round "17"]
[White "Voit, Daria"]
[Black "Maltsevskaya, Aleksandra"]
[Result "1-0"]
[ECO "E61"]
[WhiteElo "2352"]
[BlackElo "2290"]
[Annotator "NA"]
[PlyCount "101"]
[EventDate "2018.10.07"]
[EventType "swiss"]
[EventCountry "RUS"]
[SourceTitle "playchess.com"]
[Source "ChessBase"]
[SourceQuality "1"]
[TimeControl "180+2"]

1. Nf3 Nf6 2. c4 g6 3. d4 d6 4. Nc3 Bg7 5. Bg5 O-O 6. e3 c6 7. Be2 a6 8. O-O b5 9. Qc2 Nbd7 10. Rfd1 Bb7 11. Rac1 Rc8 12. b3 h6 13. Bh4 Re8 14. a4 Qa5 15. axb5 cxb5 16. Ra1 Qb6 17. Qd3 e5 18. dxe5 dxe5 19. Qd6 Qxd6 20. Rxd6 bxc4 21. Bxc4 g5 22. Bg3 Rc7 23. h3 Nh5 24. Bh2 Nc5 25. Nd5 Bxd5 26. Rxd5 Ne4 27. g4 Nhf6 28. Rxe5 Rd8 29. Rea5 Rcd7 30. Rxa6 Rd1+ 31. Rxd1 Rxd1+ 32. Kg2 Rb1 33. Be5 h5 34. Ra8+ Kh7 35. Bxf6 Bxf6 36. Bd3 Rxb3 37. Bxe4+ Kg7 38. gxh5 Rb5 39. Nd4 Bxd4 40. exd4 f5 41. Bd3 Rd5 42. Ra4 Kh6 43. Be2 Rd6 44. Bf3 Kg7 45. d5 Kf6 46. Rc4 Ke5 47. Rc6 Rd8 48. Re6+ Kf4 49. h6 Rd7 50. d6 Rh7 51. Bc6 1-0

[Event "RUS-ch Blitz Women 2018"]
[Site "Sochi"]
[Date "2018.10.07"]
[Round "17"]
[White "Charochkina, Daria"]
[Black "Potapova, Margarita"]
[Result "1-0"]
[ECO "E36"]
[WhiteElo "2344"]
[BlackElo "2284"]
[Annotator "NA"]
[PlyCount "85"]
[EventDate "2018.10.07"]
[EventType "swiss"]
[EventCountry "RUS"]
[SourceTitle "playchess.com"]
[Source "ChessBase"]
[SourceQuality "1"]
[TimeControl "180+2"]

1. d4 Nf6 2. c4 e6 3. Nc3 Bb4 4. Qc2 d5 5. a3 Bxc3+ 6. Qxc3 dxc4 7. Qxc4 b6 8. Bg5 Ba6 9. Qa4+ Qd7 10. Qd1 Ne4 11. Bf4 O-O 12. f3 Nd6 13. Nh3 Nf5 14. e3 Bxf1 15. Rxf1 Qb5 16. Qc2 Na6 17. Kf2 c5 18. d5 c4 19. Rfd1 Nc5 20. Kg1 Nd3 21. dxe6 fxe6 22. Rd2 e5 23. Bg3 Nxe3 24. Qc3 Nd5 25. Qc2 Qc5+ 26. Kh1 N5f4 27. Ng5 Qd4 28. Bxf4 Qxf4 29. Ne6 Qh4 30. Nxf8 Rxf8 31. Re2 Rf6 32. Kg1 Rh6 33. h3 b5 34. a4 Qg3 35. axb5 Rh4 36. b6 axb6 37. Ra8+ Kf7 38. Qa4 Nc5 39. Qe8+ Kf6 40. Qf8+ Kg6 41. Qd6+ Kf5 42. Rf8+ Kg5 43. Rxe5+ 1-0

[Event "RUS-ch Blitz Women 2018"]
[Site "Sochi"]
[Date "2018.10.07"]
[Round "17"]
[White "Dordzhieva, Dinara"]
[Black "Guseva, Marina"]
[Result "1/2-1/2"]
[ECO "A06"]
[WhiteElo "2340"]
[BlackElo "2292"]
[Annotator "NA"]
[PlyCount "91"]
[EventDate "2018.10.07"]
[EventType "swiss"]
[EventCountry "RUS"]
[SourceTitle "playchess.com"]
[Source "ChessBase"]
[SourceQuality "1"]
[TimeControl "180+2"]

1. Nf3 d5 2. g3 Bg4 3. Bg2 Nd7 4. d4 Ngf6 5. h3 Bh5 6. O-O e6 7. b3 c6 8. c4 Be7 9. Bb2 Ne4 10. Nbd2 Bg6 11. cxd5 exd5 12. Ne5 Nxe5 13. dxe5 Nxd2 14. Qxd2 O-O 15. Qd4 f6 16. exf6 Bxf6 17. Qd2 Bxb2 18. Qxb2 Qe7 19. e3 Be4 20. Rad1 Bxg2 21. Kxg2 Qe4+ 22. Kg1 Rae8 23. Rd4 Qf3 24. Rg4 Rf7 25. Qd4 b6 26. b4 h6 27. Qd2 Re4 28. Rxe4 Qxe4 29. Rc1 Rf6 30. Qd4 Qxd4 31. exd4 Kf7 32. h4 Ke7 33. f4 Re6 34. Kf2 Kd7 35. Kf3 Re4 36. Rd1 h5 37. g4 hxg4+ 38. Kxg4 Kd6 39. Kg5 Ke6 40. f5+ Kf7 41. Rc1 Rxd4 42. Rxc6 Rxb4 43. Rc7+ Kg8 44. Rxa7 Rb2 45. Rd7 Rxa2 46. Rxd5 1/2-1/2

[Event "RUS-ch Blitz Women 2018"]
[Site "Sochi"]
[Date "2018.10.07"]
[Round "17"]
[White "Vasilevich, Irina"]
[Black "Vasilevich, Tatjana"]
[Result "1-0"]
[ECO "A22"]
[WhiteElo "2258"]
[BlackElo "2360"]
[Annotator "NA"]
[PlyCount "96"]
[EventDate "2018.10.07"]
[EventType "swiss"]
[EventCountry "RUS"]
[SourceTitle "playchess.com"]
[Source "ChessBase"]
[SourceQuality "1"]
[TimeControl "180+2"]

1. c4 e5 2. Nc3 Nf6 3. g3 d5 4. cxd5 Nxd5 5. Bg2 Nb6 6. e3 Nc6 7. Nge2 Nb4 8. O-O Nd3 9. f4 Bd6 10. fxe5 Bxe5 11. a3 O-O 12. Qc2 Be6 13. Be4 Nxc1 14. Raxc1 g6 15. Bxb7 Rb8 16. Bg2 Nc4 17. b4 Qxd2 18. Qxd2 Nxd2 19. Rfd1 Nc4 20. Nd5 Nxa3 21. Ne7+ Kg7 22. Nc6 Rb5 23. Rd3 Nc4 24. Ned4 Bxd4 25. Nxd4 Rxb4 26. Nxe6+ fxe6 27. Rd4 Rb2 28. Rdxc4 Rff2 29. Rxc7+ Kh6 30. Be4 Rxh2 31. R7c2 Rhxc2 32. Rxc2 Rb3 33. Kf2 a5 34. Rc6 a4 35. Rxe6 a3 36. Ra6 Kg5 37. Bd5 Rc3 38. Kf3 Kh5 39. Bg8 h6 40. Bf7 Kg5 41. Rxg6+ Kf5 42. Rxh6 Rc7 43. Bd5 Ra7 44. Rh2 Ke5 45. e4 Rc7 46. Ra2 Rc3+ 47. Kg2 Kd4 48. g4 Ke3 1-0